 Dungeon Crawl Stone Soup version 0.28-a0-1142-gc8569940dd (webtiles) character file.

Game seed: 6304929168713390818

333 Conn the Sneak (level 6, -3/38 HPs)
             Began as an Octopode Fire Elementalist on Dec 13, 2021.
             Slain by an adder (4 damage)
             ... on level 4 of the Dungeon.
             The game lasted 00:05:43 (4803 turns).

Conn the Sneak (Octopode Fire Elementalist)         Turns: 4803, Time: 00:05:43

Health: -3/38      AC:  1    Str:  6 (8)  XL:     6   Next: 53%
Magic:  10/10      EV: 14    Int: 18 (19) God:
Gold:   112        SH:  0    Dex: 17 (18) Spells: 4/11 levels left

rFire   . . .      SeeInvis .   i - +3 quarterstaff (chaos)
rCold   . . .      Faith    .   (shield currently unavailable)
rNeg    . . .      Spirit   .   (helmet restricted)
rPois   +          Reflect  .   (no amulet)
rElec   .          Harm     .   h - +6 ring of dexterity
rCorr   .          Rampage  .   o - ring of poison resistance
Will    .....                   (no ring)
Stlth   ++++......              (no ring)
HPRegen 0.12/turn               (no ring)
MPRegen 0.12/turn               (no ring)
                                (no ring)
                                (no ring)

@: lethally poisoned (-3 -> -7), flying
A: almost no armour, amphibious, 8 rings, camouflage 1, gelatinous body 1,
(nimble swimmer 1), tentacles
a: no special abilities


You were on level 4 of the Dungeon.
You visited 1 branch of the dungeon, and saw 4 of its levels.

You collected 112 gold pieces.

Inventory:

Hand Weapons
 b - a +0 dagger
 g - a +0 mace of venom
 i - a +3 quarterstaff of chaos (weapon)
Jewellery
 h - a +6 ring of dexterity (left tentacle)
 o - a ring of poison resistance (right tentacle)
Scrolls
 a - 4 scrolls of fog {unknown}
 c - a scroll of enchant weapon {unknown}
 f - a scroll of vulnerability {unknown}
 k - a scroll of fear {unknown}
 n - a scroll of immolation {unknown}
Potions
 j - a potion of attraction {unknown}
 l - a potion of curing {unknown}
 m - a potion of magic
 p - a potion of heal wounds {unknown}


   Skills:
 + Level 1.1 Fighting
 + Level 0.7 Short Blades
 + Level 0.4(0.5) Maces & Flails
 + Level 0.3(0.5) Staves
 + Level 2.4 Dodging
 + Level 5.0 Stealth
 + Level 0.8 Unarmed Combat
 + Level 3.3 Spellcasting
 + Level 2.5 Conjurations
 + Level 4.1 Fire Magic


You had 4 spell levels left.
You knew the following spells:

 Your Spells              Type           Power      Damage    Failure   Level
a - Foxfire               Conj/Fire      56%        2x1d6     4%          1
b - Conjure Flame         Conj/Fire      14%        6-21      12%         3
c - Inner Flame           Hex/Fire       10%        N/A       21%         3

Your spell library contained the following spells:

 Spells                   Type           Power      Damage    Failure   Level
 Scorch                   Fire           34%        2d7       4%          2
 Flame Wave               Conj/Fire      14%        2d5       38%         4


Dungeon Overview and Level Annotations

Branches:
Dungeon (4/15)
 Temple: D:4-7

Altars:


Innate Abilities, Weirdness & Mutations

You cannot wear most types of armour.
You are amphibious.
You can wear up to eight rings at the same time.
Your skin changes colour to match your surroundings (Stealth+).
Your rubbery body absorbs attacks. (AC +1, EV +1)
((You are camouflaged near water. (Stealth+)))
You have tentacles for arms and can constrict up to eight enemies at once.


Message History

The scorpion is severely wounded.
You constrict the scorpion.
You feel very sick. The scorpion closely misses you.
Unknown command.
You barely miss the scorpion.
The scorpion is almost dead.
You constrict the scorpion, but do no damage.
You feel very sick. The scorpion stings you. x2
* * * LOW HITPOINT WARNING * * *
Unknown command.
It was a potion of magic.
Magic courses through your body.
You constrict the scorpion.
You kill the scorpion!
* * * LOW HITPOINT WARNING * * *
You feel sick.
Your Stealth skill increases to level 5!
Casting: Foxfire (safe; 3% risk of failure)
Confirm with . or Enter, or press ? or * to list all spells.
Okay, then.
* * * LOW HITPOINT WARNING * * *
You feel sick. The adder misses you.
Okay, then.
Casting: Foxfire (safe; 3% risk of failure)
Confirm with . or Enter, or press ? or * to list all spells.
Okay, then.
Unknown command.
Unknown command.
It was a potion of flight.
You feel very buoyant.
You fly up into the air.
* * * LOW HITPOINT WARNING * * *
You feel sick. The adder closely misses you.
It was a potion of degeneration.
There was something very wrong with that liquid.
You feel weakened.
You feel dopey.
You feel clumsy.
* * * LOW HITPOINT WARNING * * *
You feel sick. The adder bites you.
You die...

........ .# ..........
. ... .........# #.#
.#.§ .........### ..#
.... #.......#.###.##
#... #.............#
#...
###.....#.......###
##..#
#.......@....(....##..
#
.#...#S#............#
# ##
#.##..........##...
#..###........##...
!... #.........#..#
.♣...+...(....###.# ..
..##......#.###.# ##
.##.......#.##...
##........#......


You could see an adder.

Vanquished Creatures
  A scorpion (D:4)
  Crazy Yiuf (D:2)
  A bullfrog skeleton (D:2)
  Natasha (thrice) (D:2)
  Terence (D:2)
  A hound skeleton (D:4)
  3 adders
  An adder zombie (D:4)
  An adder skeleton (D:4)
  A dart slug (D:2)
  8 endoplasms
  4 giant cockroaches
  7 goblins
  6 hobgoblins
  4 jackals (D:2)
  2 quokkas (D:1)
  5 ball pythons
  4 bats
  15 frilled lizards
  2 kobolds (D:2)
  5 rats
76 creatures vanquished.

Vanquished Creatures (others)
  188 foxfires
  4 fungi (D:2)
  5 plants (D:1)
197 creatures vanquished.

Grand Total: 273 creatures vanquished

Notes
Turn   | Place    | Note
-------+----------+-------------------------------------------
     0 | D:1      | Conn the Octopode Fire Elementalist began the quest for the
                  | Orb.
     0 | D:1      | Reached XP level 1. HP: 11/11 MP: 3/3
   233 | D:1      | Reached XP level 2. HP: 15/17 MP: 0/5
   587 | D:1      | Reached skill level 3 in Stealth
   757 | D:1      | Reached XP level 3. HP: 21/21 MP: 4/6
   851 | D:1      | Found a faded altar of an unknown god.
  1538 | D:2      | Reached XP level 4. HP: 8/27 MP: 1/7
  1831 | D:2      | Noticed Terence
  1842 | D:2      | Killed Terence
  1855 | D:2      | Noticed Natasha
  1940 | D:2      | Learned a level 3 spell: Conjure Flame
  1944 | D:2      | Learned a level 3 spell: Inner Flame
  1980 | D:2      | Killed Natasha
  1981 | D:2      | Reached skill level 4 in Stealth
  1981 | D:2      | Reached XP level 5. HP: 9/32 MP: 6/9
  2506 | D:2      | Noticed Natasha
  2515 | D:2      | Killed Natasha
  2741 | D:2      | Found a runed translucent door.
  2742 | D:2      | Noticed Crazy Yiuf
  3393 | D:2      | Noticed Natasha
  3402 | D:2      | Killed Natasha
  3621 | D:2      | Killed Crazy Yiuf
  3622 | D:2      | Reached XP level 6. HP: 14/37 MP: 4/10
  4652 | D:4      | Reached skill level 1 in Fighting
  4801 | D:4      | Reached skill level 5 in Stealth
  4803 | D:4      | HP: 1/38 [poisoned by a scorpion]
  4803 | D:4      | Slain by an adder

Illustrated notes

Levels and vault maps discovered:
D:1:      mrwooster_arrival_statue_2, layout_loops_ring, basic_ecumenical_altar,
          grunt_decor_mini_mirrors, minmay_misc_feat_chi, minmay_crystal_room,
          minmay_fountain_box, st_stairs_9, minmay_lizard_king
D:2:      layout_basic, uniq_terence, uniq_crazy_yiuf_cottage, uniq_natasha
D:3:      layout_basic
D:4:      layout_cave_pools, serial_undead, serial_undead_c, serial_undead_f,
          serial_undead_e, serial_undead_c, minivault_19, grunt_ministairs_15

Skill      XL: |  1  2  3  4  5  6 |
---------------+-------------------+-----
Stealth        | 3 4 5 |  5.0
Conjurations   | 2 |  2.5
Spellcasting   | 3 |  3.3
Fire Magic     | 4 |  4.1
Fighting       | 1 |  1.1
Short Blades   | |  0.7
Maces & Flails | |  0.4
Staves         | |  0.3
Dodging        | |  2.4
Unarmed Combat | |  0.8

Action                   |  1- 3 |  4- 6 || total
-------------------------+-------+-------++-------
Melee: Unarmed           |    16 |       ||    16
       Constrict         |     6 |    16 ||    22
       Tentacles         |     3 |     7 ||    10
       Dagger            |    13 |    14 ||    27
       Mace              |       |    14 ||    14
       Quarterstaff      |       |     8 ||     8
 Cast: Foxfire           |    45 |    64 ||   109
       Inner Flame       |       |     1 ||     1
  Use: Potion            |       |     3 ||     3
 Stab: Sleeping          |     5 |     3 ||     8
Armor: Skin              |     4 |     2 ||     6
Dodge: Dodged            |    24 |    27 ||    51

Table legend: (Time is in decaauts)
 A = Elapsed time spent in this place.
 B = Non-inter-level travel time spent in this place.
 C = Inter-level travel time spent in this place.
 D = Time resting spent in this place.
 E = Time spent auto-exploring this place.
 F = Levels seen in this place.
 G = Mean time per level.
                   A        B        C        D        E       F      G
               +--------+--------+--------+--------+--------+-----+--------+
         Total |   4812 |   4735 |     77 |      0 |   4075 |   4 | 1203.0 |
       Dungeon |   4812 |   4735 |     77 |      0 |   4075 |   4 | 1203.0 |
               +--------+--------+--------+--------+--------+-----+--------+

Top non-repeatable levels by time:
     D:2: 2401 daAuts
     D:1: 1443 daAuts
     D:3: 806 daAuts
     D:4: 160 daAuts
